Cogmind - Beta 15 @@@ ROGUE MODE // 2025.07.30 @ 17:15:23 Player: lvl5hm Result: Core destroyed Performance ------------- Evolutions (4) 2000 Regions Visited (15) 3000 Robots Destroyed (172) 860 Value Destroyed (6133) 6133 Prototype IDs (8) 160 Alien Tech Used (0) 0 Bonus (1592) 1592 TOTAL SCORE: 13745 Bonus ------- Pacifist 270 High Alert Combat Kills 608 Follower Combat Kills 812 Met Imprinter 300 Friendly Fire -398 Cogmind --------- Core Integrity 0/850 Matter 72/300 Energy 365/365 System Corruption 2% Temperature Critical (680) Movement Walking (190) Ox1 Location -6/Hub_04(d) Parts ------- > --- POWER (2) -------- Light Angular Momentum Engine Neutrino Core > --- PROPULSION (4) --- Carbon-fiber Leg Flexi-carbon Leg Armored Leg Armored Leg > --- UTILITY (6) ------ Large Storage Unit Improved Signal Interpreter Improved Light Armor Plating Improved Hacking Suite Improved Hacking Suite > --- WEAPON (3) ------- KE Penetrator KE Penetrator Advanced KE Penetrator > --- INVENTORY (15) --- Improved Deuterium Engine Light Angular Momentum Engine Carbon-fiber Leg Multireflex Exoskeleton Matter Compressor (250) Advanced Sensor Array Improved System Shield Heavy Laser Magnetic Acceleration Cannon Magnetic Acceleration Cannon Improved Proton Missile Launcher Precision Rocket Launcher Peak State ------------ > --- POWER ------------ Light Angular Momentum Engine Neutrino Core > --- PROPULSION ------- Flexi-carbon Leg Armored Leg Armored Leg Myomer Leg > --- UTILITY ---------- Large Storage Unit Advanced Sensor Array Improved Signal Interpreter Improved Medium Armor Plating Remote Shield Improved Hacking Suite > --- WEAPON ----------- KE Penetrator KE Penetrator Advanced KE Penetrator > --- INVENTORY -------- Improved Deuterium Engine Light Angular Momentum Engine Carbon-fiber Leg Carbon-fiber Leg Multireflex Exoskeleton Matter Compressor Improved Light Armor Plating Improved Light Armor Plating Heavy Laser Beamcaster Magnetic Acceleration Cannon Magnetic Acceleration Cannon Improved Proton Missile Launcher Precision Rocket Launcher [Rating: 82] Favorites ----------- Power Heavy Deuterium Engine Engine Heavy Deuterium Engine Power Core Fission Core Reactor Light Antimatter Reactor Propulsion Light Treads Treads Light Treads Leg Multireflex Exoskeleton Hover Unit Improved Gravmag System Utility Improved Signal Interpreter Device Improved Shield Generator Storage Large Storage Unit Processor Improved Signal Interpreter Hackware Improved Hacking Suite Protection Improved Light Armor Plating Weapon Heavy Assault Rifle Energy Gun Heavy Particle Gun Energy Cannon Ion Cannon Ballistic Gun Heavy Assault Rifle Ballistic Cannon Magnetic Acceleration Cannon Launcher Advanced EMP Blaster Impact Weapon Powered Hammer Slashing Weapon Greatsword Build | -11 -10 -10 -10 -9 -8 -7 -7 -7 -7 -6 -6 -6 -6 -6 -6 ------- Run | Yrd Mat Min Exi Min Mat Fac Low Low Zio Pro Fac Ext Cet Arc Hub Slots Evolved 8 | . . . . . 4 2 . . . . 2 . . . . Power 1 | . . . . . . . . . . . 1 . . . . Propulsion 2 | . . . . . 2 . . . . . . . . . . Utility 4 | . . . . . 2 1 . . . . 1 . . . . Weapon 1 | . . . . . . 1 . . . . . . . . . Parts Attached 148 | 2 . . . . 32 12 1 . . 12 45 28 7 9 . Power 23 | . . . . . 5 1 . . . 3 8 4 . 2 . Engine 14 | . . . . . 4 1 . . . 2 3 3 . 1 . Core 8 | . . . . . 1 . . . . . 5 1 . 1 . Reactor 1 | . . . . . . . . . . 1 . . . . . Propulsion 37 | 2 . . . . 12 1 1 . . 3 10 4 2 2 . Treads 20 | 2 . . . . 12 1 1 . . 3 . . . 1 . Leg 16 | . . . . . . . . . . . 9 4 2 1 . Wheel . | . . . . . . . . . . . . . . . . Hover 1 | . . . . . . . . . . . 1 . . . . Flight . | . . . . . . . . . . . . . . . . Utility 47 | . . . . . 5 8 . . . 4 14 12 1 3 . Device 19 | . . . . . 2 2 . . . 2 7 5 . 1 . Storage 4 | . . . . . 1 . . . . . 2 1 . . . Processor 5 | . . . . . . 2 . . . . 3 . . . . Hackware 2 | . . . . . . . . . . . 1 . . 1 . Protection 17 | . . . . . 2 4 . . . 2 1 6 1 1 . Artifact . | . . . . . . . . . . . . . . . . Weapon 41 | . . . . . 10 2 . . . 2 13 8 4 2 . Energy Gun 7 | . . . . . 2 . . . . 1 . 2 2 . . Energy Cannon 3 | . . . . . 1 . . . . . 1 . 1 . . Ballistic Gun 17 | . . . . . 2 2 . . . 1 6 3 1 2 . Ballistic Cannon 7 | . . . . . 1 . . . . . 4 2 . . . Launcher 5 | . . . . . 3 . . . . . 1 1 . . . Special Weapon . | . . . . . . . . . . . . . . . . Impact Weapon 1 | . . . . . 1 . . . . . . . . . . Slashing Weapon 1 | . . . . . . . . . . . 1 . . . . Piercing Weapon . | . . . . . . . . . . . . . . . . Special Melee Weapon . | . . . . . . . . . . . . . . . . Unidentified Prototypes 8 | . . . . . 4 1 . . . . 2 . 1 . . Corrupted Parts 3 | . . . . . . . . . . 3 . . . . . System Corruption 30 | . . . . . . . . . . 30 . . . . . Parts Lost 26 | . . . . . 1 . . . . 15 4 1 1 1 3 Power 3 | . . . . . . . . . . 2 1 . . . . Propulsion 9 | . . . . . . . . . . 6 1 . . 1 1 Utility 9 | . . . . . 1 . . . . 3 1 1 1 . 2 Weapon 5 | . . . . . . . . . . 4 1 . . . . Highest Loss Streak 9 | . . . . . 1 . . . . 9 2 1 1 1 3 To Critical Strikes . | . . . . . . . . . . . . . . . . Average Backups 11 | . . 1 1 2 11 14 15 15 15 13 8 10 13 13 13 Power 1 | . . . . . 1 2 2 2 2 1 . . 1 1 2 Propulsion 1 | . . . . . 3 1 1 1 1 . 2 2 3 3 2 Utility 4 | . . 1 1 2 2 5 6 6 6 7 3 3 3 3 3 Weapon 4 | . . . . . 4 5 6 6 5 5 2 4 6 5 5 Tool/Special . | . . . . . . . . . . . . . . . . Unused Backups 25 | . . . . . 6 3 . . . 4 4 3 . . 5 Power 2 | . . . . . 1 . . . . . . . . . 1 Propulsion 7 | . . . . . 3 1 . . . . 2 . . . 1 Utility 8 | . . . . . 1 2 . . . 2 1 . . . 2 Weapon 8 | . . . . . 1 . . . . 2 1 3 . . 1 Tool/Special . | . . . . . . . . . . . . . . . . Average Slot Usage (%) 88 | . 26 28 28 28 87 99 100 99 100 86 73 89 99 98 99 Engine 5 | . . . . . 6 7 7 7 7 5 2 7 6 5 6 Core 3 | . . . . . . . . . . . 7 4 6 6 6 Treads 15 | . 26 28 28 28 35 29 30 30 30 21 . . . . . Leg 8 | . . . . . . . . . . . 13 16 26 24 26 Device 12 | . . . . . 12 16 15 14 15 13 14 12 6 6 4 Storage 6 | . . . . . 8 7 7 7 7 6 4 6 6 6 6 Processor 7 | . . . . . . 10 15 15 15 14 5 6 6 6 6 Hackware 2 | . . . . . . . . . . . . 6 6 9 13 Protection 4 | . . . . . 6 1 . . . . 4 6 11 8 7 Energy Gun 1 | . . . . . . . . . . 6 . 1 5 . . Ballistic Gun 13 | . . . . . 3 22 23 19 15 11 9 14 4 19 20 Ballistic Cannon 2 | . . . . . 6 . . . . . 4 2 7 . . Peak Build Rating 82 | 2 2 2 2 2 29 39 42 43 43 45 74 77 76 82 82 Average Rating 50 | 1 1 2 2 2 22 36 39 42 43 35 58 73 75 79 80 On Entrance 32 | . 2 2 2 2 2 28 39 42 43 43 1 73 75 76 82 Naked Turns 104 | . 1 . . . . . . . . 50 53 . . . . Heaviest Build 75 | . . . . . 45 53 46 49 49 56 67 69 74 75 69 Greatest Support 93 | 20 20 3 3 3 88 85 93 93 93 93 80 82 82 82 77 Greatest Overweight (x) 3 | . . . . . . . . . . 1 1 . 1 3 . Average Overweight (x) . | . . . . . . . . . . . . . . . . Largest Inventory Capacity 25 | 5 5 5 5 5 15 15 15 15 15 15 25 15 15 15 15 Average Capacity 12 | 5 5 5 5 5 14 15 15 15 15 14 8 10 15 15 15 Most Carried 15 | . 1 1 2 2 15 15 15 15 15 15 10 15 15 15 15 Average Carried 11 | . . 1 1 2 11 14 15 15 14 13 8 10 14 14 14 Final Capacity 15 | 5 5 5 5 5 15 15 15 15 15 5 10 15 15 15 15 Final Carried 15 | . 1 1 2 2 15 15 15 15 15 5 10 15 15 15 13 Class Distribution -------------------- 19% | Tank 17% | Skirmisher 13% | Commander-Tank 11% | Mutant 10% | Scavenger-Skirmisher 10% | Scavenger-Tank 8% | Assassin 5% | Scavenger-Mutant Dominant Class ---------------- Mutant | -10/Materials Mutant | -10/Mines Mutant | -10/Exiles Mutant | -9/Mines Scavenger-Mutant | -8/Materials Scavenger-Skirmisher | -7/Factory Skirmisher | -7/Lower Caves Skirmisher | -7/Lower Caves Assassin | -7/Zion Skirmisher | -6/Proximity Caves Tank | -6/Factory Commander-Tank | -6/Extension Scavenger-Tank | -6/Cetus Scavenger-Skirmisher | -6/Archives Scavenger-Skirmisher | -6/Hub_04(d) Resources | -11 -10 -10 -10 -9 -8 -7 -7 -7 -7 -6 -6 -6 -6 -6 -6 ----------- Run | Yrd Mat Min Exi Min Mat Fac Low Low Zio Pro Fac Ext Cet Arc Hub Matter Collected 6573 | 196 . . . . 877 327 121 151 10 347 2466 1439 271 307 61 Remotely . | . . . . . . . . . . . . . . . . Salvage Created 8433 | . . . . . 1376 363 . 614 . 825 2713 1890 59 307 286 Parts 381 | . . . . . 79 19 . 27 . 35 122 71 2 10 16 Haulers Intercepted 8 | . . . . . 5 2 . . . . 1 . . . . Recyclers Shooed 7 | . . . . . 3 . . . . . 4 . . . . Parts Field Recycled . | . . . . . . . . . . . . . . . . Retrieved Matter . | . . . . . . . . . . . . . . . . Parts Self-Destructed 29 | . . . . . . . 4 12 . 13 . . . . . Prevented 30 | . . . . . . . . 15 . 15 . . . . . Kills | -11 -10 -10 -10 -9 -8 -7 -7 -7 -7 -6 -6 -6 -6 -6 -6 ------- Run | Yrd Mat Min Exi Min Mat Fac Low Low Zio Pro Fac Ext Cet Arc Hub Combat Hostiles Destroyed 119 | . . . . . 25 3 . 12 . 14 31 26 . 4 4 Melee 1 | . . . . . . . . . . . 1 . . . . Guns 48 | . . . . . 1 3 . 2 . 6 13 15 . 4 4 Cannons 33 | . . . . . 19 . . . . . 10 4 . . . AOE 29 | . . . . . 4 . . 9 . 6 7 3 . . . Classes Destroyed 18 | . . . . . 11 1 . 1 . 4 1 . . . . Worker 6 | . . . . . 1 . . . . . 2 2 . . 1 Builder 9 | . . . . . 1 . . . . . 3 4 . . 1 Tunneler 3 | . . . . . 1 . . . . . 1 1 . . . Hauler 8 | . . . . . 5 2 . . . . 1 . . . . Recycler 15 | . . . . . 3 1 . . . . 9 2 . . . Mechanic 1 | . . . . . . . . . . 1 . . . . . Operator 3 | . . . . . 1 . . . . . 1 . . 1 . Drone 2 | . . . . . . . . . . 2 . . . . . Watcher 4 | . . . . . 2 1 . . . . 1 . . . . Swarmer 14 | . . . . . 9 . . 3 . . . 2 . . . Grunt 61 | . . . . . 8 2 . 8 . 6 14 19 . . 4 Brawler 5 | . . . . . . . . 1 . 2 2 . . . . Duelist 2 | . . . . . . . . . . 1 1 . . . . Protector 1 | . . . . . . . . . . . 1 . . . . Sentry 23 | . . . . . 7 . . . . 2 5 5 . 4 . Hunter 1 | . . . . . 1 . . . . . . . . . . Programmer 9 | . . . . . . 1 . . . . 8 . . . . Behemoth 1 | . . . . . . . . . . 1 . . . . . Wasp 1 | . . . . . . . . . . 1 . . . . . Thug 3 | . . . . . . . . . . 2 . . 1 . . Best Kill Streak 10 | . . . . . 5 3 . 5 . 10 9 8 . 2 4 Combat Bots Only 9 | . . . . . 4 2 . 5 . 9 5 6 . 2 2 Max Kills in Single Turn 3 | . . . . . 2 1 . 2 . 3 3 2 1 1 2 Gunslinging 1 | . . . . . . . . . . . . 1 . . . Exploded 2 | . . . . . 2 . . 2 . 1 2 1 . . . Melee 1 | . . . . . . . . . . . 1 . . . . Uniques/NPCs Destroyed . | . . . . . . . . . . . . . . . . Combat | -11 -10 -10 -10 -9 -8 -7 -7 -7 -7 -6 -6 -6 -6 -6 -6 -------- Run | Yrd Mat Min Exi Min Mat Fac Low Low Zio Pro Fac Ext Cet Arc Hub Hostile Shots Fired 1163 | . 30 . . 16 115 5 . 11 . 185 358 245 44 36 118 Missed 437 | . 16 . . 7 32 . . 5 . 64 154 100 18 6 35 Hits 726 | . 14 . . 9 83 5 . 6 . 121 204 145 26 30 83 Melee 17 | . . . . . . . . . . 10 7 . . . . Projectile 709 | . 14 . . 9 83 5 . 6 . 111 197 145 26 30 83 AOE 1 | . . . . . . . . . . . . 1 . . . Critical Strikes 28 | . . . . . 3 . . . . 7 9 1 3 2 3 Part Disruptions 1 | . . . . . . . . . . . 1 . . . . Damage Taken 10238 | . 119 . . 76 1109 56 . 69 . 2717 2206 1428 605 544 1309 Core 1697 | . 46 . . 14 135 . . . . 586 286 167 55 38 370 Absorbed by Shields 1651 | . . . . . . 16 . 27 . 249 610 468 111 170 . Regen/Repaired (Parts) 417 | . . . . . . 69 . . 269 . 79 . . . . Core Remaining (%) 66 | 100 . . . 76 75 . . . . 16 . . . . . Volleys Fired 435 | . . . . . 87 24 . 21 . 52 127 75 16 18 15 Largest 3 | . . . . . 2 3 . 2 . 3 3 3 3 3 3 Hottest 178 | . . . . . 97 76 . 51 . 137 119 157 178 140 101 Shots Fired 948 | . . . . . 158 72 1 25 . 99 255 202 36 55 45 Gun 565 | . . . . . 15 72 1 8 . 75 148 145 1 55 45 Cannon 318 | . . . . . 137 . . . . . 101 45 35 . . Launcher 65 | . . . . . 6 . . 17 . 24 6 12 . . . Special . | . . . . . . . . . . . . . . . . Kinetic 748 | . . . . . 84 72 1 8 . 51 235 173 32 47 45 Thermal 121 | . . . . . 68 . . . . 24 . 17 4 8 . Explosive 15 | . . . . . . . . . . 9 6 . . . . Electromagnetic 64 | . . . . . 6 . . 17 . 15 14 12 . . . Robot Hit Streak 15 | . . . . . 8 13 . 14 . 8 11 15 10 9 5 Robot Miss Streak 11 | . . . . . 3 3 . 7 . 10 6 11 3 3 6 Penetration Max 1 | . . . . . . . . . . . 1 1 . 1 1 Secondary Targets 6 | . . . . . . . . . . 1 . 3 . . 2 Max Gunslinging Chain 1 | . . . . . . . . . . 1 . 1 . . 1 Shots Hit Robots 585 | . . . . . 99 39 . 10 . 66 159 127 23 39 23 Core Hits 389 | . . . . . 45 22 . 26 . 63 115 79 7 21 11 Critical Kills 5 | . . . . . 1 . . . . . 2 . . 1 1 Critical Parts Destroyed 1 | . . . . . 1 . . . . . . . . . . Critical Strikes 13 | . . . . . 3 . . . . . 5 2 . 2 1 Meltdown 1 | . . . . . 1 . . . . . . . . . . Destroy 6 | . . . . . 1 . . . . . 2 . . 2 1 Blast 5 | . . . . . 1 . . . . . 2 2 . . . Sever 1 | . . . . . . . . . . . 1 . . . . Melee Attacks 12 | . . . . . 4 1 . . . . 7 . . . . Impact 5 | . . . . . 4 1 . . . . . . . . . Slashing 7 | . . . . . . . . . . . 7 . . . . Piercing . | . . . . . . . . . . . . . . . . Sneak Attacks 6 | . . . . . 3 . . . . . 3 . . . . Combat Hostiles . | . . . . . . . . . . . . . . . . Follow-up Attacks . | . . . . . . . . . . . . . . . . Damage Inflicted 19337 | . . . . . 2640 650 . 879 . 2538 5914 4313 803 928 672 Guns 7761 | . . . . . 176 650 . 75 . 1002 2091 2167 . 928 672 Cannons 5504 | . . . . . 2066 . . . . . 1845 790 803 . . Explosions 5288 | . . . . . 198 . . 804 . 1536 1412 1338 . . . Melee 765 | . . . . . 200 . . . . . 565 . . . . Ramming 19 | . . . . . . . . . . . 1 18 . . . Kinetic 11201 | . . . . . 1180 650 . 75 . 748 3555 2747 772 802 672 Thermal 2028 | . . . . . 1062 . . . . 254 298 257 31 126 . Explosive 1883 | . . . . . . . . . . 769 1114 . . . . Electromagnetic 3441 | . . . . . 198 . . 804 . 767 381 1291 . . . Impact 200 | . . . . . 200 . . . . . . . . . . Slashing 565 | . . . . . . . . . . . 565 . . . . Piercing . | . . . . . . . . . . . . . . . . Highest Corruption 47 | . . . . . 2 1 1 2 2 47 2 2 2 2 2 Average Corruption 2 | . . . . . 2 1 1 1 2 4 1 2 2 2 2 Corruption Purged . | . . . . . . . . . . . . . . . . Corruption Blocked . | . . . . . . . . . . . . . . . . Effects 127 | . . . . . 6 5 5 9 3 11 27 39 5 15 2 Message Errors 33 | . . . . . 2 1 . 4 3 2 8 8 . 5 . Matter Fused 27 | . . . . . . 1 1 2 . 2 6 11 1 3 . Heat Flow Errors 11 | . . . . . . . 1 . . 1 3 3 . 2 1 Energy Discharges 14 | . . . . . 2 1 . . . . 3 6 2 . . Parts Rejected 4 | . . . . . . . . 1 . 1 1 . . 1 . Parts Fused 3 | . . . . . . 1 1 . . . . 1 . . . Data Loss (minor) 19 | . . . . . 2 . . 1 . 1 4 7 1 2 1 Data Loss (major) 4 | . . . . . . 1 1 . . . 1 1 . . . Misfires 5 | . . . . . . . 1 . . . 1 1 1 1 . Alerts 2 | . . . . . . . . 1 . . . . . 1 . Misdirections 3 | . . . . . . . . . . 3 . . . . . Weapon Failures 2 | . . . . . . . . . . 1 . 1 . . . Overload Shots . | . . . . . . . . . . . . . . . . Overflow Damage 360 | . . . . . 152 . . . . 52 98 58 . . . Projectiles 92 | . . . . . 60 . . . . . 11 21 . . . Explosions 94 | . . . . . 1 . . . . 52 12 29 . . . Melee 174 | . . . . . 91 . . . . . 75 8 . . . Knockbacks 44 | . . . . . 9 . . . . . 33 2 . . . Impact 1 | . . . . . 1 . . . . . . . . . . Kinetic 40 | . . . . . 8 . . . . . 30 2 . . . Secondary 3 | . . . . . . . . . . . 3 . . . . Self-Inflicted Damage 429 | . . . . . . . . 13 . 287 104 25 . . . Shots 13 | . . . . . . . . 1 . 9 2 1 . . . Rammed . | . . . . . . . . . . . . . . . . Targets Rammed 2 | . . . . . . . . . . . 1 1 . . . Kicked 2 | . . . . . . . . . . . 1 1 . . . Crushed . | . . . . . . . . . . . . . . . . Highest Temperature 681 | . . . . . 99 3 181 . . 323 278 454 282 417 681 Average Temperature 107 | . . . . . 32 2 93 . . 73 40 131 121 148 187 Received Heat Transfer 2789 | . 9 . . . 459 21 . . . 534 714 464 6 102 480 Effects 19 | . . . . . . . . . . 1 1 2 2 5 8 Shutdowns 7 | . . . . . . . . . . . . 1 . 3 3 Energy Bleed 6 | . . . . . . . . . . 1 . 1 2 1 1 Interference 1 | . . . . . . . . . . . 1 . . . . Matter Decay 1 | . . . . . . . . . . . . . . 1 . Short Circuit 1 | . . . . . . . . . . . . . . . 1 Damage (minor) 1 | . . . . . . . . . . . . . . . 1 Damage (core) 2 | . . . . . . . . . . . . . . . 2 Siege Activations . | . . . . . . . . . . . . . . . . Martial Activations 1 | . . . . . . . . . . . 1 . . . . Total Turns 5 | . . . . . . . . . . . 5 . . . . Longest Duration 5 | . . . . . . . . . . . 5 . . . . Shielding Activations . | . . . . . . . . . . . . . . . . Robots Disrupted 2 | . . . . . . . . . . . 1 1 . . . Combat Hostiles 2 | . . . . . . . . . . . 1 1 . . . Robots Corrupted 10 | . . . . . 2 . . 1 . 2 1 4 . . . Combat Hostiles 7 | . . . . . . . . 1 . 2 . 4 . . . Parts Fried 9 | . . . . . 4 . . 1 . . 2 2 . . . Impact Corruptions 5 | . . . . . 4 . . . . . . 1 . . . Robots Melted 1 | . . . . . 1 . . . . . . . . . . Combat Hostiles 1 | . . . . . 1 . . . . . . . . . . Parts Melted 3 | . . . . . . . . . . . . 3 . . . Heat Transferred 3175 | . . . . . 1702 . . . . 444 350 407 50 222 . Parts Sabotaged . | . . . . . . . . . . . . . . . . Parts Stolen . | . . . . . . . . . . . . . . . . Parts Stripped . | . . . . . . . . . . . . . . . . Power Chain Reactions 5 | . . . . . . . . . . 1 2 2 . . . Alert | -11 -10 -10 -10 -9 -8 -7 -7 -7 -7 -6 -6 -6 -6 -6 -6 ------- Run | Yrd Mat Min Exi Min Mat Fac Low Low Zio Pro Fac Ext Cet Arc Hub Maximum Alert Level 3 | . . . . . 1 . . . . . 3 3 2 . . Low Security (%) 45 | 100 100 100 . 100 77 100 . . . . . 26 1 100 100 Level 1 14 | . . . . . 22 . . . . . 10 21 92 . . Level 2 23 | . . . . . . . . . . . 71 5 5 . . Level 3 16 | . . . . . . . . . . . 17 47 . . . Level 4 . | . . . . . . . . . . . . . . . . Level 5 . | . . . . . . . . . . . . . . . . High Security . | . . . . . . . . . . . . . . . . Max Security . | . . . . . . . . . . . . . . . . Peak Influence 961 | . 15 . . . 330 59 . . . . 956 961 408 89 129 Initial 503 | . . . . . . . . . . . 503 329 408 70 . Average 317 | . 3 . . . 90 5 . . . . 567 498 315 20 31 Influence Increases 5369 | . 24 . . . 777 155 30 290 . 388 1817 1447 138 122 181 Destroy 0b10 Robot/C 2640 | . . . . . 500 60 . 240 . 280 600 720 80 80 80 Destroy 0b10 Robot/NC 280 | . . . . . 70 20 . . . 15 95 60 5 5 10 Destroy Leader 520 | . . . . . 144 16 . 20 . 30 194 96 . . 20 Allied During Kill 541 | . . . . . . . . . . 18 . 486 37 . . Successful Hack 180 | . 9 . . . 19 56 . . . . 86 3 7 . . Disable Machine 180 | . . . . . 15 . . . . . 105 . . 30 30 Destroy Structure 173 | . . . . . 29 3 . . . . 92 22 9 7 11 Advance Influence 450 | . . . . . . . . . . . 450 . . . . Partial Spotted 15 | . . . . . . . . . . . 15 . . . . Lose Combat Pursuer 390 | . 15 . . . . . 30 30 . 45 180 60 . . 30 Influence Decreases 5250 | . 24 . . . 777 155 30 146 144 302 1229 1391 692 298 62 Entered New Map 950 | . . . . . . . . . 144 . 33 345 322 106 . Time Decay 2724 | . 24 . . . 449 155 30 146 . 164 706 656 180 182 32 Search Patrol Dispatched 150 | . . . . . . . . . . . 150 . . . . Lost Part 248 | . . . . . 10 . . . . 138 40 10 10 10 30 Lost Ally 260 | . . . . . . . . . . . . 80 180 . . Purge Threat 918 | . . . . . 318 . . . . . 300 300 . . . Squads Dispatched 28 | . 1 . . . 2 3 . . . 1 12 5 . . 4 Investigation 2 | . 1 . . . . . . . . . 1 . . . . Extermination 8 | . . . . . . 2 . . . . 6 . . . . Reinforcement 12 | . . . . . 2 1 . . . . 4 3 . . 2 Assault 4 | . . . . . . . . . . 1 1 2 . . . Garrison 2 | . . . . . . . . . . . . . . . 2 Intercept . | . . . . . . . . . . . . . . . . Searches Triggered 1 | . . . . . . . . . . . 1 . . . . Construction Impeded 6 | . . . . . 1 . . . . . 2 2 . . 1 Haulers Reinforced . | . . . . . . . . . . . . . . . . Active Scanning Responses . | . . . . . . . . . . . . . . . . Cargo Convoy Interrupts 1 | . . . . . . . . . . . 1 . . . . Stealth | -11 -10 -10 -10 -9 -8 -7 -7 -7 -7 -6 -6 -6 -6 -6 -6 --------- Run | Yrd Mat Min Exi Min Mat Fac Low Low Zio Pro Fac Ext Cet Arc Hub Distress Signals 18 | . 1 . . . 4 . . . . 1 4 4 2 . 2 Communications Jammed . | . . . . . . . . . . . . . . . . Distress Signals . | . . . . . . . . . . . . . . . . Times Spotted 227 | . 8 4 . 4 36 10 4 7 . 27 52 47 6 10 12 Peak Tracking Total 20 | . 7 20 . 4 7 3 3 5 . 7 6 6 5 2 6 Tactical Retreats 19 | . 1 1 . . . . 1 2 . 1 8 4 . . 1 Traps | -11 -10 -10 -10 -9 -8 -7 -7 -7 -7 -6 -6 -6 -6 -6 -6 ------- Run | Yrd Mat Min Exi Min Mat Fac Low Low Zio Pro Fac Ext Cet Arc Hub Traps Triggered 5 | . 2 . . . 2 . . . . . . 1 . . . Indirectly . | . . . . . . . . . . . . . . . . Trap Hack Attempts . | . . . . . . . . . . . . . . . . Triggered . | . . . . . . . . . . . . . . . . Disarmed . | . . . . . . . . . . . . . . . . Reprogrammed . | . . . . . . . . . . . . . . . . Reused . | . . . . . . . . . . . . . . . . Traps Extracted . | . . . . . . . . . . . . . . . . Installed . | . . . . . . . . . . . . . . . . Triggered . | . . . . . . . . . . . . . . . . Machines | -11 -10 -10 -10 -9 -8 -7 -7 -7 -7 -6 -6 -6 -6 -6 -6 ---------- Run | Yrd Mat Min Exi Min Mat Fac Low Low Zio Pro Fac Ext Cet Arc Hub Machines Disabled 15 | . . . . . 1 . . . . 1 7 2 . 2 2 Max in Single Turn 2 | . . . . . 1 . . . . 1 2 1 . 1 2 Garrison Access 1 | . . . . . 1 . . . . . . . . . . Energy Cycler 1 | . . . . . . . . . . . . 1 . . . Machines Repaired . | . . . . . . . . . . . . . . . . Machines Dismantled . | . . . . . . . . . . . . . . . . Machines Sabotaged . | . . . . . . . . . . . . . . . . Overloaded Fab Kills . | . . . . . . . . . . . . . . . . Hacking | -11 -10 -10 -10 -9 -8 -7 -7 -7 -7 -6 -6 -6 -6 -6 -6 --------- Run | Yrd Mat Min Exi Min Mat Fac Low Low Zio Pro Fac Ext Cet Arc Hub Machines Accessed 38 | . 3 . . . 7 8 . . . . 12 4 3 1 . Terminals 31 | . 3 . . . 6 5 . . . . 10 4 3 . . Fabricators . | . . . . . . . . . . . . . . . . Repair Stations 2 | . . . . . . 1 . . . . 1 . . . . Recycling Units . | . . . . . . . . . . . . . . . . Scanalyzers . | . . . . . . . . . . . . . . . . Garrison Access 4 | . . . . . 1 2 . . . . 1 . . . . Total Hacks 86 | . 8 . . . 18 13 . . . . 27 9 6 5 . Successful 38 | . 3 . . . 8 5 . . . . 11 3 3 5 . Failed 48 | . 5 . . . 10 8 . . . . 16 6 3 . . Catastrophic 10 | . 1 . . . . 2 . . . . 4 2 1 . . Database Lockouts . | . . . . . . . . . . . . . . . . Manual 46 | . 7 . . . 9 8 . . . . 15 7 . . . Terminals 70 | . 8 . . . 16 9 . . . . 22 9 6 . . Fabricators . | . . . . . . . . . . . . . . . . Repair Stations 4 | . . . . . . 2 . . . . 2 . . . . Recycling Units . | . . . . . . . . . . . . . . . . Scanalyzers . | . . . . . . . . . . . . . . . . Garrison Access 7 | . . . . . 2 2 . . . . 3 . . . . Terminal Hacks 22 | . 1 . . . 5 2 . . . . 4 2 3 5 . Record 7 | . . . . . . . . . . . . . 2 5 . Robot Analysis 1 | . 1 . . . . . . . . . . . . . . Open Door 1 | . . . . . . . . . . . . . 1 . . Branch Access Points 1 | . . . . . . . . . . . 1 . . . . Terminal Index 1 | . . . . . . 1 . . . . . . . . . Unreport Threat 8 | . . . . . 3 1 . . . . 2 2 . . . Transport Status 1 | . . . . . 1 . . . . . . . . . . Hauler Manifests 2 | . . . . . 1 . . . . . 1 . . . . Fabricator Hacks . | . . . . . . . . . . . . . . . . Repair Station Hacks 4 | . . . . . . 2 . . . . 2 . . . . Scan Component 2 | . . . . . . 1 . . . . 1 . . . . Repair 2 | . . . . . . 1 . . . . 1 . . . . Recycling Unit Hacks . | . . . . . . . . . . . . . . . . Scanalyzer . | . . . . . . . . . . . . . . . . Garrison Access Hacks 1 | . . . . . 1 . . . . . . . . . . Seal Access 1 | . . . . . 1 . . . . . . . . . . Unauthorized Hacks 11 | . 2 . . . 2 1 . . . . 5 1 . . . Terminals 11 | . 2 . . . 2 1 . . . . 5 1 . . . Botnet 11 | . 2 . . . 2 1 . . . . 5 1 . . . Fabricators . | . . . . . . . . . . . . . . . . Repair Stations . | . . . . . . . . . . . . . . . . Recycling Units . | . . . . . . . . . . . . . . . . Scanalyzers . | . . . . . . . . . . . . . . . . Garrison Access . | . . . . . . . . . . . . . . . . Data Cores Recovered . | . . . . . . . . . . . . . . . . Used . | . . . . . . . . . . . . . . . . Hacking Detections 34 | . 3 . . . 5 8 . . . . 12 4 2 . . Full Trace Events . | . . . . . . . . . . . . . . . . Feedback Events . | . . . . . . . . . . . . . . . . Feedback Blocked . | . . . . . . . . . . . . . . . . Robot Schematics Acquired 2 | . . . . . . . . . 2 . . . . . . Robots Built . | . . . . . . . . . . . . . . . . Authchips . | . . . . . . . . . . . . . . . . Time . | . . . . . . . . . . . . . . . . Total Robot Build Rating . | . . . . . . . . . . . . . . . . Part Schematics Acquired 14 | . . . . . . . . . 14 . . . . . . Parts Built . | . . . . . . . . . . . . . . . . Authchips . | . . . . . . . . . . . . . . . . Time . | . . . . . . . . . . . . . . . . Total Part Build Rating . | . . . . . . . . . . . . . . . . Parts Repaired 2 | . . . . . . 1 . . . . 1 . . . . Time 60 | . . . . . . 16 . . . . 44 . . . . Parts Recycled . | . . . . . . . . . . . . . . . . Recycled Matter . | . . . . . . . . . . . . . . . . Retrieved Matter . | . . . . . . . . . . . . . . . . Retrieved Components . | . . . . . . . . . . . . . . . . Parts Scanalyzed . | . . . . . . . . . . . . . . . . Part Schematics Acquired . | . . . . . . . . . . . . . . . . Parts Damaged . | . . . . . . . . . . . . . . . . Bothacking | -11 -10 -10 -10 -9 -8 -7 -7 -7 -7 -6 -6 -6 -6 -6 -6 ------------ Run | Yrd Mat Min Exi Min Mat Fac Low Low Zio Pro Fac Ext Cet Arc Hub Used RIF Installer . | . . . . . . . . . . . . . . . . Robots Hacked . | . . . . . . . . . . . . . . . . Non-combat . | . . . . . . . . . . . . . . . . Combat . | . . . . . . . . . . . . . . . . Robot Hacks Applied . | . . . . . . . . . . . . . . . . Relay Couplers Released . | . . . . . . . . . . . . . . . . Fabnet Peak Effective % . | . . . . . . . . . . . . . . . . Robots Rewired 14 | . . . . . . . . . . . . 14 . . . Allies Hacked . | . . . . . . . . . . . . . . . . Hacks Repelled . | . . . . . . . . . . . . . . . . Allies | -11 -10 -10 -10 -9 -8 -7 -7 -7 -7 -6 -6 -6 -6 -6 -6 -------- Run | Yrd Mat Min Exi Min Mat Fac Low Low Zio Pro Fac Ext Cet Arc Hub Total Allies 21 | . . . . . . . . . 4 . . 17 . . . Largest Group 12 | . . . . . . . . . 4 3 . 12 12 . . Highest-Rated Group 338 | . . . . . . . . . 90 76 . 338 338 . . Highest-Rated Ally 39 | . . . . . . . . . 31 31 . 39 39 . . Total Orders . | . . . . . . . . . . . . . . . . Ally Attacks 212 | . . . . . . . . . . 22 . 124 66 . . Total Damage 3848 | . . . . . . . . . . 320 . 2157 1371 . . Kills 22 | . . . . . . . . . . 2 . 14 6 . . Allies Corrupted . | . . . . . . . . . . . . . . . . Allies Melted 1 | . . . . . . . . . . . . 1 . . . Intel | -11 -10 -10 -10 -9 -8 -7 -7 -7 -7 -6 -6 -6 -6 -6 -6 ------- Run | Yrd Mat Min Exi Min Mat Fac Low Low Zio Pro Fac Ext Cet Arc Hub Active Infowar (turns) 8296 | . . . . . . 1224 593 858 1242 1115 2229 325 . 590 120 Sensors 8093 | . . . . . . 1208 593 852 1242 938 2229 321 . 590 120 Structural 4 | . . . . . . . . . . . . 4 . . . Machine Analysis 4527 | . . . . . . 719 593 858 1242 1115 . . . . . Robot Analysis Total 1 | . 1 . . . . . . . . . . . . . . Derelict Logs Recovered 7 | . . . . . . . 3 1 1 2 . . . . . Drone Launches . | . . . . . . . . . . . . . . . . Drone Recoveries . | . . . . . . . . . . . . . . . . Exploration | -11 -10 -10 -10 -9 -8 -7 -7 -7 -7 -6 -6 -6 -6 -6 -6 ------------- Run | Yrd Mat Min Exi Min Mat Fac Low Low Zio Pro Fac Ext Cet Arc Hub Turns Passed 14333 | 26 69 71 75 74 1667 1331 593 858 1242 1228 3105 2450 364 1000 180 Spaces Moved 8980 | 38 128 141 147 74 820 757 376 515 795 654 2306 1621 245 289 74 Core 816 | 34 127 141 147 74 95 . . . . 100 98 . . . . Treads 3731 | 4 1 . . . 725 757 376 515 795 554 . . . 4 . Legs 3877 | . . . . . . . . . . . 1652 1621 245 285 74 Wheels . | . . . . . . . . . . . . . . . . Hover 556 | . . . . . . . . . . . 556 . . . . Flight . | . . . . . . . . . . . . . . . . Fastest Speed 50 | 50 50 50 50 50 50 156 156 156 156 50 50 110 120 120 120 Average Speed 123 | 61 50 50 50 50 143 156 156 156 156 140 98 112 120 146 120 Slowest Speed 400 | 160 160 50 50 50 160 156 156 156 156 240 220 120 190 400 120 Overloaded Moves 3 | . . . . . . . . . . . 3 . . . . Propulsion Burnouts . | . . . . . . . . . . . . . . . . Robots Hopped . | . . . . . . . . . . . . . . . . Potential Cave-ins 2 | . . . . . . . . . . . 2 . . . . Cave-ins Triggered . | . . . . . . . . . . . . . . . . Exploration Rate (%) 51 | 3 32 33 50 22 60 20 52 62 85 84 50 95 82 83 15 Regions Visited 15 Branch Regions 11 Pre-discovered Areas 3 | . . . . . . . 1 . 1 1 . . . . . Known Exits Taken 8 | . . . . . . 1 1 1 1 . 1 1 1 1 . Unknown Exits Taken 7 | 1 1 1 1 1 1 . . . . 1 . . . . . Scrap Searched 7 | . . . . . . . 3 2 1 1 . . . . . Spaces Dug 8 | . . . . . . 1 . . . . 7 . . . . Terrain Destroyed 259 | . . . . . 21 1 . . . 63 124 20 7 13 10 Melee 1 | . . . . . . 1 . . . . . . . . . Projectile 89 | . . . . . 21 . . . . 1 24 13 7 13 10 AOE 169 | . . . . . . . . . . 62 100 7 . . . Terrain Rammed . | . . . . . . . . . . . . . . . . Walls Destroyed . | . . . . . . . . . . . . . . . . Machines Disabled . | . . . . . . . . . . . . . . . . Actions | -11 -10 -10 -10 -9 -8 -7 -7 -7 -7 -6 -6 -6 -6 -6 -6 --------- Run | Yrd Mat Min Exi Min Mat Fac Low Low Zio Pro Fac Ext Cet Arc Hub Total 11401 | 39 130 140 147 110 1148 857 383 544 797 870 2903 2093 281 828 131 Wait 1452 | . . . . 37 140 39 6 7 . 143 339 200 9 493 39 Move 8965 | 37 127 140 146 73 819 756 375 514 794 653 2305 1620 244 288 74 Hop . | . . . . . . . . . . . . . . . . Pick Up 71 | . 1 . 1 . 27 7 . . 1 2 18 13 . 1 . Fast Attach 93 | 2 2 . . . 16 4 1 1 . 5 37 15 4 6 . Attach 28 | . . . . . 8 3 . . . 5 4 3 1 2 2 Detach 17 | . . . . . 3 2 . . . . 8 1 1 2 . Swap 103 | . . . . . 17 11 . 1 1 10 22 30 2 8 1 Drop 120 | . . . . . 27 10 1 . 1 . 35 32 4 10 . Fire 435 | . . . . . 87 24 . 21 . 52 127 75 16 18 15 Melee 12 | . . . . . 4 1 . . . . 7 . . . . Ram . | . . . . . . . . . . . . . . . . Kick 2 | . . . . . . . . . . . 1 1 . . . Crush . | . . . . . . . . . . . . . . . . Escape Stasis 5 | . . . . . . . . . . . . 5 . . . Rewire 98 | . . . . . . . . . . . . 98 . . . Trap . | . . . . . . . . . . . . . . . . Miscellaneous . | . . . . . . . . . . . . . . . . Route ------- -11/Scrapyard -10/Materials -10/Mines -10/Exiles -9/Mines -8/Materials (discovered 2 exits: *Fac x2) -7/Factory -7/Lower Caves -7/Lower Caves -7/Zion -6/Proximity Caves -6/Factory (discovered 6 exits: *Fac x2 / *Low x2 / *Ext x2) -6/Extension (discovered 3 exits: *Fac x2 / *Cet) -6/Cetus (discovered 2 exits: *Fac / *Arc) -6/Archives (discovered 3 exits: *Fac / *Hub x2) -6/Hub_04(d) (discovered 2 exits: *Fac x2) History --------- Turn | Location | Event 9 | -11/Scrapyard | Discovered new exit (range 16) 27 | -11/Scrapyard | Entered Materials 92 | -10/Materials | Discovered new exit (range 10) 96 | -10/Materials | Entered Mines 116 | -10/Mines | Assembled infested the area 121 | -10/Mines | Assisted by a Guerilla fighting off Assembled 164 | -10/Mines | Deemed a non-threat by the Exiles lab entrance 165 | -10/Mines | Discovered new exit (range 5) 167 | -10/Mines | Entered Exiles 180 | -10/Exiles | Met 8R-AWN 188 | -10/Exiles | Met EX-HEX 209 | -10/Exiles | Met EX-DEC 235 | -10/Exiles | Discovered new exit (range 14) 242 | -10/Exiles | Entered Mines 311 | -9/Mines | Build established: Mutant 312 | -9/Mines | Discovered new exit (range 10) 316 | -9/Mines | Entered Materials 316 | -8/Materials | Evolved 4 slots: Propulsion x2, Utility x2 647 | -8/Materials | Discovered new exit (range 10) 1034 | -8/Materials | Build established: Scavenger-Mutant 1326 | -8/Materials | Discovered new exit (range 5) 1439 | -8/Materials | Build established: Mutant 1805 | -8/Materials | Build established: Scavenger-Mutant 1983 | -8/Materials | Entered Factory 1983 | -7/Factory | Evolved 2 slots: Utility x1, Weapon x1 2575 | -7/Factory | Repaired Imp. Treads 3025 | -7/Factory | Build established: Scavenger-Skirmisher 3264 | -7/Factory | Discovered new exit (range 4) 3268 | -7/Factory | Identified exit to Lower Caves 3314 | -7/Factory | Entered Lower Caves 3315 | -7/Lower Caves | Encountered a Warlord checkpoint 3322 | -7/Lower Caves | Learned location of Extension (-6) 3509 | -7/Lower Caves | Build established: Skirmisher 3641 | -7/Lower Caves | Learned Factory terminal intel 3852 | -7/Lower Caves | Learned Factory non-interactive machine intel 3893 | -7/Lower Caves | Discovered new exit (range 9) 3906 | -7/Lower Caves | Identified exit to Lower Caves 3907 | -7/Lower Caves | Entered another Lower Caves area 4715 | -7/Lower Caves | Learned 4 Factory zone layouts 4748 | -7/Lower Caves | Discovered new exit (range 10) 4764 | -7/Lower Caves | Identified exit to Zion 4765 | -7/Lower Caves | Entered Zion 4935 | -7/Zion | System corruption cleaned by Quarantine Array 5041 | -7/Zion | Learned Factory garrison access intel 5063 | -7/Zion | Build established: Assassin 5191 | -7/Zion | Gained Derelict followers 5254 | -7/Zion | Given A8's code to call for help 5555 | -7/Zion | Visited the Megawrench Repair Shop 5555 | -7/Zion | Megawrench repaired 6 parts 5731 | -7/Zion | Met Imprinter 5987 | -7/Zion | Discovered new exit (range 12) 6004 | -7/Zion | Identified exit to Proximity Caves 6007 | -7/Zion | Entered Proximity Caves 6007 | -6/Proximity Caves | Accompanied by 4 allies 6076 | -6/Proximity Caves | Spotted B-75 Beast 6110 | -6/Proximity Caves | Spotter reported a threat 6111 | -6/Proximity Caves | Lost 3 allies 6144 | -6/Proximity Caves | Destroyed B-75 Beast 6164 | -6/Proximity Caves | Lost 3 parts (1p2n) 6302 | -6/Proximity Caves | Spotter reported a threat 6347 | -6/Proximity Caves | Spotter reported a threat 6465 | -6/Proximity Caves | Build established: Skirmisher 6653 | -6/Proximity Caves | Learned Factory trap positions 7065 | -6/Proximity Caves | Attracted the attention of an 0b10 outpost 7123 | -6/Proximity Caves | System corruption reached 10% 7143 | -6/Proximity Caves | Destroyed 9 combat bots 7153 | -6/Proximity Caves | Lost 9 parts (1p2n3u3w) 7161 | -6/Proximity Caves | System corruption reached 30% 7185 | -6/Proximity Caves | Released all parts (7) 7207 | -6/Proximity Caves | Core integrity fell below 50% 7211 | -6/Proximity Caves | Lost 3 parts (2n1w) 7228 | -6/Proximity Caves | Core integrity fell below 20% 7228 | -6/Proximity Caves | Discovered new exit (range 14) 7235 | -6/Proximity Caves | Entered Factory 7235 | -6/Factory | Evolved 2 slots: Power x1, Utility x1 7237 | -6/Factory | Loaded intel: 99 trap records 7238 | -6/Factory | Loaded intel: 200 non-interactive machine locations 7239 | -6/Factory | Loaded intel: 27 terminal locations 7240 | -6/Factory | Loaded intel: 4 garrison access locations 7381 | -6/Factory | Build established: Mutant 7585 | -6/Factory | Search patrols dispatched 7977 | -6/Factory | Found Powered Armor 8549 | -6/Factory | Discovered new exit (range 8) 8556 | -6/Factory | Identified exit to Lower Caves 8728 | -6/Factory | Build established: Tank 9128 | -6/Factory | Repaired Powered Armor 9207 | -6/Factory | Discovered new exit (range 15) 9274 | -6/Factory | Identified exit to Factory 9335 | -6/Factory | First assault squad dispatched 9610 | -6/Factory | Discovered exit to Factory (range 5) 9729 | -6/Factory | Identified exit to Extension 10116 | -6/Factory | Cargo convoy interrupted 10340 | -6/Factory | Entered Extension 10854 | -6/Extension | Spotted B-75 Beast 10939 | -6/Extension | Energy Cycler disabled 10939 | -6/Extension | Rescued a captive Derelict 10939 | -6/Extension | Rescued a captive Derelict 10939 | -6/Extension | Rescued a captive Derelict 10940 | -6/Extension | Rescued a captive Derelict 10942 | -6/Extension | Rescued a captive Derelict 10942 | -6/Extension | Rescued a captive Derelict 10945 | -6/Extension | Rescued a captive Derelict 10945 | -6/Extension | Rescued a captive Derelict 10946 | -6/Extension | Rescued a captive Derelict 10959 | -6/Extension | Rescued a captive Derelict 11010 | -6/Extension | Lost 3 allies 11265 | -6/Extension | Disrupted transfer network 11294 | -6/Extension | Build established: Commander-Tank 11471 | -6/Extension | Allies destroyed B-75 Beast 11478 | -6/Extension | Discovered exit to Factory (range 16) 11622 | -6/Extension | Discovered new exit (range 16) 11623 | -6/Extension | Discovered exit to Factory (range 15) 11635 | -6/Extension | Core integrity fell below 50% 11654 | -6/Extension | Identified exit to Cetus 11875 | -6/Extension | Lost 3 allies 12790 | -6/Extension | First assault squad dispatched 12790 | -6/Extension | Entered Cetus 12790 | -6/Cetus | Accompanied by 12 allies 12812 | -6/Cetus | Spotted Cetus Guard 12812 | -6/Cetus | Spotted Cetus Guard 12817 | -6/Cetus | Spotted Cetus Guard 12830 | -6/Cetus | Spotted Cetus Guard 12846 | -6/Cetus | Allies destroyed Cetus Guard 12847 | -6/Cetus | Allies destroyed Cetus Guard 12858 | -6/Cetus | Allies destroyed Cetus Guard 12868 | -6/Cetus | Allies destroyed Cetus Guard 12898 | -6/Cetus | Lost 8 allies 12931 | -6/Cetus | Discovered exit to Factory (range 15) 13065 | -6/Cetus | Discovered new exit (range 15) 13082 | -6/Cetus | Identified exit to Archives 13126 | -6/Cetus | Spotted Cetus Guard 13154 | -6/Cetus | Entered Archives 13179 | -6/Archives | Lost 3 allies 13183 | -6/Archives | Build established: Scavenger-Tank 13380 | -6/Archives | Discovered new exit (range 16) 13408 | -6/Archives | Unable to access archive contents 13442 | -6/Archives | Discovered exit to Factory (range 15) 13474 | -6/Archives | Discovered new exit (range 13) 13890 | -6/Archives | Build established: Scavenger-Skirmisher 14153 | -6/Archives | Identified exit to Hub_04(d) 14154 | -6/Archives | Entered Hub_04(d) 14154 | -6/Hub_04(d) | Discovered exit to Factory (range 10) 14284 | -6/Hub_04(d) | Discovered exit to Factory (range 13) 14329 | -6/Hub_04(d) | Core integrity fell below 20% 14335 | -6/Hub_04(d) | Core destroyed Last Messages --------------- Guardian. 14325_ Slug penetrates Y-54 Guardian. 14325_ Slug penetrates K-01 Serf. 14325_ K-01 Serf destroyed. 14326_ Critical hit (Burn: +37). 14327_ Overheating: Carbon-fiber Leg damaged (-31). 14328_ U-05 Engineer builds a Wall. 14328_ Slug penetrates Y-54 Guardian. 14329_ Overheating: Core damaged (-110). 14329_ U-05 Engineer builds a Wall. 14330_ Overheating: Energy bleed (-91). 14331_ Slug penetrates U-05 Engineer. 14331_ U-05 Engineer destroyed. 14331_ Slug penetrates Garrison Access. 14332_ Y-54 Guardian emerges from the garrison. 14333_ U-05 Engineer builds a Wall. 14334_ Power failure, Neutrino Core shutdown. 14334_ Critical hit (Burn: +37). 14335_ Overheating: Core damaged (-161). Map ----- +----------------------------------------------------+ | | | | | | | | | | | | | ?????????????????????????????????????????????????? | | ?????????????????????????????????????????????????? | | ?????????????????????????????????????????????????? | | ?????????????????????????????????????????????????? | | ?????????????????????????????????????????????????? | | ?????????????????????????????????????????????????? | | ???????????????????#+#???????????????????????????? | | ??????????????????? ?????????#?""??????????????? | | ??????????????????? < ?????????/ ??????????????? | | ??????????????????? ???##### # ???????????????? | | ???????????????????# #??""G""#=##???????????? #??? | | ???????????????????# ###"" ""#!!#?###########/##?? | | ???????????????????# # Y =%!;??# #?? | | ???????????????????# # """! *%#??# #?? | | ???????????????????# # """%g *#??# #?? | | ??????????????????## # """*Y #### #?? | | ??????????????????+ g """ %= + / [ #?? | | ??????????????????## # #??# #?# | | ???????????????????# # ! " #??# #?# | | ???????????????????# #/ @ " #??# #?# | | ???????????????????#[############## #?# | | ????????????? """"##=## ## #?# | | ????????????? """"%#! / ## #?# | | ?????????? ##[## " ## #?# | | ?????????###???##??# ## """ ###+############# | | ??????????????????? ## """"" + | | ?????????????????? ## """"""" / | | ????????????????? % ## """"" ###+#####+####### | | ????????????????? ! "# """ ## #? | | ???????????????? ? ## " ## #? | | ??????????????? ? ?# ## #? | | ??????????????] !? ?# ## #? | | ?????????????? ? ?####+######## ## | | ????????????? ?? ????# #??????# ### | | ????????????##+#??# ????# #??????# #?? | | ??????????????????? ????# #??????# #?? | | ??????????????????? ????# #??????# #?? | | ????????????????????????? #??????# #?? | | ????????????????????????? #??????# #?? | | ????????????????????????? #??????# #?? | | ????????????????????????? #??????##############?? | | ???????????????????????? #?????????????????????? | | ????????????????????????" #?????????????????????? | | ???????????????????????? ??????????????????????? | +----------------------------------------------------+ Best States ------------- Heat Dissipation 73 Energy Generation 32 Energy Capacity 510 Matter Stores 300 Matter Capacity 300 Sight Range 16 Robot Scan Range 16 Terrain Scan Density 10 Armor Coverage 550 Evasion (%) 55 Melee Accuracy 13 Recoil Reduction 4 Offensive Hacking 24 Authchip Count 1 Item Schematics ----------------- Nuclear Pulse Thruster | -7/Zion | Archive Hvy. Missile Launcher | -7/Zion | Archive Hyp. Gauss Rifle | -7/Zion | Archive Hvy. Ion Cannon | -7/Zion | Archive Imp. Coolant Injector | -7/Zion | Archive Energy Filter | -7/Zion | Archive Imp. Hacking Suite | -7/Zion | Archive Imp. Thermal Shield | -7/Zion | Archive Enh. Optical Array | -7/Zion | Archive Adv. Assault Cannon | -7/Zion | Archive Adv. Sensor Array | -7/Zion | Archive Med. Reactive Plating | -7/Zion | Archive Imp. Trap Extractor | -7/Zion | Archive Imp. Carbon-fiber Leg | -7/Zion | Archive Robot Schematics ------------------ R-06 Scavenger | -7/Zion | Archive B-48 Gladiator | -7/Zion | Archive Fabricated ------------ Nothing Repaired ---------- Imp. Treads | 55% | -7/Factory Powered Armor | 56% | -6/Factory Alien Tech Used ----------------- None Achievements -------------- Can't Touch This Challenges ------------ None Game ------ Seed AuthchipScatterField Manual? 0 Play Time 02:18:15 Cumulative 103.6 hours Start 2025.07.30 @ 14:58:21 End 2025.07.30 @ 17:15:23 Sessions 1 Manual Loads 0 Difficulty Rogue Special Mode None Game No. 90 Rogue 90 Adventurer 0 Explorer 0 Win Type - Total 3 Types 3/0/0/0/0/0/0/0/0/0 Lore% 26 Gallery% 46 Achievement% 43 Wizard Run 0 Options --------- Layout 2 ASCII 0 Keyboard 1 Movement Arrows Keybinds 0 Fullscreen 1 Font 32/SmallcapsGlow Map View 50x44 Zoom Use 0% Tactical HUD 1 Map Filters NONE Filters NONE Steam 1 RUN: f076d019-f69d-4ef9-8548-78c2f207ae94